Map: King's Cove LE

Players

wootwoot - Winner!

  • Race: Protoss Protoss
  • League: Platinum
  • Spawn Location: 5:00

Ravager

  • Race: Terran Terran
  • League: Platinum
  • Spawn Location: 11:00

VOD

Have the link to the VOD?

Description

Time

  • Played on: April 21, 2025, 3:56 p.m.
  • Length: 3:19
Show
View Real Time Build Order
Export as new Build Order

wootwoot Protoss - Winner!

Build Orders:  

Get SALT Encoding   

  12  0:00  Probe  
  13  0:13  Probe  
  14  0:19  Pylon  
  14  0:25  Probe  
  15  0:39  Gateway  
  15  0:42  Assimilator  
  15  0:50  Pylon  
  15  1:09  Gateway  
  15  1:16  Gateway  
  15  1:31  Cybernetics Core  
  15  1:40  Probe  
  16  1:52  Probe  
  17  1:55  Stalker  
  17  1:56  Stalker  
  21  2:21  Stalker x2  
  25  2:47  Stalker  
  29  3:12  Pylon  
Show
View Real Time Build Order
Export as new Build Order

Ravager Terran 

Build Orders: Reaper Expand 

Get SALT Encoding   

  12  0:00  SCV  
  13  0:12  SCV  
  14  0:18  Supply Depot  
  14  0:24  SCV  
  15  0:40  SCV  
  15  0:41  Barracks  
  16  0:47  Refinery  
  16  0:52  SCV  
  17  1:04  SCV  
  18  1:16  SCV  
  19  1:28  Orbital Command  
  19  1:30  Reaper  
  20  1:50  Command Center  
  20  1:56  SCV  
  21  2:05  Supply Depot  
  21  2:12  SCV  
  22  2:18  Barracks Tech Lab, Factory  
  22  2:39  Marine  
  22  2:50  SCV  
  23  2:54  Command Center  
Tags
 
Add a new tag
Caveats
  • Supply blocks, unpowered buildings, or Contaminate may cause inaccurate times.
  • Supply counts are checked every 10 seconds.